 Dungeon Crawl Stone Soup version 0.28.0-53-g5a82cb258f (webtiles) character file.

Game seed: 3689484416038161519

8 Revguard the Skirmisher (level 2, 0/28 HPs)
             Began as a Naga Fighter on June 10, 2022.
             Slain by a frilled lizard (1 damage)
             ... on level 1 of the Dungeon.
             The game lasted 00:02:23 (848 turns).

Revguard the Skirmisher (Naga Fighter)               Turns: 848, Time: 00:02:25

Health: 0/28       AC:  4    Str: 18    XL:     2   Next: 8%
Magic:  2/2        EV:  7    Int:  8    God:
Gold:   26         SH:  4    Dex: 10    Spells: 1/1 levels left

rFire   . . .      SeeInvis +   a - +0 long sword
rCold   . . .      Faith    .   c - +0 buckler
rNeg    . . .      Spirit   .   b - +0 scale mail
rPois   +          Reflect  .   (no helmet)
rElec   .          Harm     .   (no cloak)
rCorr   .          Rampage  .   (no gloves)
Will    .....                   (no barding)
Stlth   ..........              (no amulet)
HPRegen 0.09/turn               (no ring)
MPRegen 0.08/turn               (no ring)

@: short of breath, very slow
A: AC +0, large, see invisible, deformed body, poison resistance, slowness 2,
spit poison 1, naga tail 1
a: Spit Poison


You were on level 1 of the Dungeon.
You visited 1 branch of the dungeon, and saw 2 of its levels.

You collected 26 gold pieces.

Inventory:

Hand Weapons
 a - a +0 long sword (weapon)
Armour
 b - a +0 scale mail (worn)
 c - a +0 buckler (worn)
Scrolls
 e - a scroll of identify {unknown}
 f - 2 scrolls of noise {unknown}
 g - a scroll of vulnerability {unknown}
 h - a scroll of silence {unknown}
Potions
 d - 2 potions of might


   Skills:
 + Level 3.1 Fighting
 + Level 2.1 Long Blades
 + Level 2.5 Armour
 + Level 0.3 Dodging
 + Level 2.5 Shields


You had one spell level left.
You didn't know any spells.
Your spell library contained the following spells:

 Spells                   Type           Power      Damage    Failure   Level
 Dazzling Flash           Conj/Hex       0%         N/A       99%         3
 Tukima's Dance           Hex            0%         N/A       99%         3
 Passage of Golubria      Tloc           0%         N/A       100%        4
 Agony                    Necr           0%         N/A       100%        5
 Silence                  Hex/Air        0%         N/A       100%        5
 Yara's Violent Unravell  Hex/Tmut       0%         3d3       100%        5


Dungeon Overview and Level Annotations

Branches:
Dungeon (2/15)

Altars:


Innate Abilities, Weirdness & Mutations

Your serpentine skin is tough. (AC +0)
You have supernaturally acute eyesight. (SInv)
Armour fits poorly on your strangely shaped body.
Your system is resistant to poisons. (rPois)
You cover ground very slowly.
You can spit poison.
You have a snake-like lower body.


Message History

You hit the giant cockroach.
You kill the giant cockroach!
The worm bites you!
* * * LOW HITPOINT WARNING * * *
Aiming: Spit Poison (2% risk of failure)
Press: ? - help, Shift-Dir - straight line, f - worm
Aim: a worm (86% to hit)
The splash of poison hits the worm.
The worm is moderately wounded.
There is a stone staircase leading up here.
You have got your breath back.
Found 7 gold pieces.
Found a stone staircase leading up.
Aiming: Spit Poison (2% risk of failure)
Press: ? - help, Q - select action Shift-Dir - straight line, f/p - worm
Aim: a worm (86% to hit)
The splash of poison hits the worm.
The worm is moderately wounded.
You slash the worm!
The worm is severely wounded.
The worm bites you.
* * * LOW HITPOINT WARNING * * *
A frilled lizard comes into view.
You have got your breath back.
The frilled lizard bites you but does no damage.
The frilled lizard bites you but does no damage.
There is a stone staircase leading up here.
The frilled lizard bites you but does no damage.
You climb upwards.
There is a stone staircase leading down here.
You barely miss the frilled lizard. The frilled lizard bites you.
* * * LOW HITPOINT WARNING * * *
The frilled lizard barely misses you.
You closely miss the frilled lizard. The frilled lizard bites you.
* * * LOW HITPOINT WARNING * * *
Aiming: Spit Poison (2% risk of failure)
Press: ? - help, Q - select action Shift-Dir - straight line, f - frilled lizard
Aim: a frilled lizard (37% to hit)
The splash of poison misses the frilled lizard.
The frilled lizard bites you.
You die...

#.#..#..#.#≈≈.##.#
#.#..#..#.#≈≈.##.#
'.'.8#8.'.'...##.#
#.#..#..#.#≈≈.##.#
#.#..#..#.#≈≈..#)#
#.#.....#.#≈≈#.#.#
#'###'###'##≈#...#
..+.....'..#≈##.l#######
∩.#######.<#≈##.@......#
### ####≈#########.# ≈≈
#.# ###########.#
#.......#.# #.####.##.#
########## #.#
#.##.##########
.........# #.#
#.##...........
########.# #.#
#.#############


You could see a frilled lizard.

Vanquished Creatures
  A ball python (D:1)
  A giant cockroach (D:2)
  2 bats (D:1)
  2 frilled lizards (D:1)
  2 goblins (D:1)
  A kobold (D:1)
9 creatures vanquished.

Notes
Turn   | Place    | Note
-------+----------+-------------------------------------------
     0 | D:1      | Revguard the Naga Fighter began the quest for the Orb.
     0 | D:1      | Reached XP level 1. HP: 21/21 MP: 1/1
   409 | D:1      | Found a faded altar of an unknown god.
   714 | D:1      | Reached XP level 2. HP: 28/28 MP: 2/2
   847 | D:1      | HP: 1/28 [frilled lizard (1)]
   848 | D:1      | Slain by a frilled lizard

Illustrated notes

Levels and vault maps discovered:
D:1:      heliophobic_arrival_glass_houses, layout_basic,
          hellmonk_ecumenical_altar_leap_of_faith
D:2:      layout_rooms, basic_altar, minmay_curled_crystal

Action                   || total
-------------------------++-------
Melee: Long sword        ||    21
 Abil: Spit Poison       ||     3
Armor: Scale mail        ||    12
Dodge: Dodged            ||     8
Block: Buckler           ||     6
